 Dungeon Crawl Stone Soup version 0.30.1-3-gfc49f6343a (webtiles) character file.

Game seed: 18164301120012432930

1662 Fortress the Stinger (level 8, 0/49 (57) HPs)
             Began as a Yellow Draconian Venom Mage on July 30, 2023.
             Slain by a wight
             ... wielding a +5 mace of freezing
              (2 damage)
             ... on level 6 of the Dungeon on July 31, 2023.
             The game lasted 00:45:48 (6265 turns).

Fortress the Stinger (Yellow Draconian Venom Mage)  Turns: 6265, Time: 00:45:48

HP:   0/49 (57)     AC: 16    Str: 10    XL:     8   Next: 69%
MP:   20/24         EV: 12    Int: 25    God:
Gold: 421           SH:  0    Dex: 11    Spells: 10/20 levels left

rFire   . . .        f - +6 Majin-Bo {spellvamp, MP+6 Int+6}
rCold   . . .        (no shield)
rNeg    . . .        (body armour unavailable)
rPois   .            (helmet restricted)
rElec   .            q - +2 cloak
rCorr   +            i - +1 pair of gloves
SInv    .            (no boots)
Will    .....        (no amulet)
Stlth   ++           (no ring)
HPRegen 0.28/turn    (no ring)
MPRegen 0.19/turn

%: no passive effects
@: ice-armoured, slowed, heavily drained, very slow
A: spit acid, AC +6, unfitting armour, cold-blooded, acid resistance
a: Breathe Acid


You were on level 6 of the Dungeon.
You visited 1 branch of the dungeon, and saw 6 of its levels.
You also visited: Sewer.

You collected 421 gold pieces.

Inventory:

Hand Weapons
 f - the +6 Majin-Bo (weapon) {spellvamp, MP+6 Int+6}
   (You acquired it on level 4 of the Dungeon)

   Int:       It affects your intelligence (+6).
   MP:        It affects your magic capacity (+6).
 p - a +4 quarterstaff of chaos
 E - a +4 halberd
Missiles
 x - 6 atropa-tipped darts
 y - 5 javelins
Armour
 i - a +1 pair of gloves (worn)
 q - a +2 cloak (worn)
Wands
 e - a wand of light (5)
 u - a wand of iceblast (4)
 C - a wand of flame (23)
Scrolls
 d - 2 scrolls of teleportation
 k - a scroll of blinking
 n - a scroll of identify
 r - a scroll of amnesia
Potions
 a - a potion of magic
 b - 3 potions of brilliance
 g - 2 potions of flight {unknown}
 j - 2 potions of ambrosia {unknown}
 m - 2 potions of lignification {unknown}
 o - a potion of attraction {unknown}
 s - a potion of might {unknown}
 t - a potion of cancellation {unknown}
 z - 2 potions of invisibility {unknown}
 B - a potion of curing
 D - 3 potions of mutation {unknown}


   Skills:
 - Level 0.2 Short Blades
 + Level 4.4 Staves
 - Level 2.0 Dodging
 - Level 2.0 Stealth
 + Level 6.8 Spellcasting
 - Level 1.1 Transmutations
 + Level 0.3 Ice Magic
 - Level 1.9 Air Magic
 + Level 7.1 Poison Magic


You had 10 spell levels left.
You knew the following spells:

 Your Spells              Type           Power      Damage    Failure   Level
a - Sting                 Tmut/Pois      100%       1d8       1%          1
b - Poisonous Vapours     Pois/Air       62%        N/A       1%          2
c - Olgreb's Toxic Radia  Pois           44%        N/A       3%          4
d - Ozocubu's Armour      Ice            10%        N/A       19%         3

Your spell library contained the following spells:

 Spells                   Type           Power      Damage    Failure   Level
 Cigotuvi's Dreadful Rot  Necr/Pois/Air  46%        N/A       3%          2
 Mephitic Cloud           Conj/Pois/Air  23%        N/A       6%          3
 Ignite Poison            Fire/Tmut/Pois 22%        N/A       7%          3
 Call Canine Familiar     Summ           8%         N/A       21%         3
 Portal Projectile        Hex/Tloc       16%        N/A       21%         3
 Tukima's Dance           Hex            8%         N/A       21%         3
 Leda's Liquefaction      Hex/Erth       4%         N/A       56%         4
 Passage of Golubria      Tloc           8%         N/A       56%         4
 Freezing Cloud           Conj/Ice/Air   6%         6-21      80%         5
 Yara's Violent Unravell  Hex/Tmut       5%         3d4       83%         5
 Ozocubu's Refrigeration  Ice            5%         4d8       100%        7


Dungeon Overview and Level Annotations

Branches:
Dungeon (6/15)              Sewer (visited)
 Temple: D:4-7

Altars:
Elyvilon
Gozag


Innate Abilities, Weirdness & Mutations

You can spit globs of acid.
Your golden yellow scales are hard. (AC +6)
You cannot fit into any form of body armour.
You are cold-blooded and may be slowed by cold attacks.
You are resistant to acid. (rCorr)


Message History

The sting hits the wight.
The wight partially resists.
The wight is severely damaged.
The wight hits you with a +5 mace of freezing.
* * * LOW HITPOINT WARNING * * *
You feel drained.
* * * LOW HITPOINT WARNING * * *
The wight freezes you.
* * * LOW HITPOINT WARNING * * *
You feel much better.
The wight hits you with a +5 mace of freezing.
The wight freezes you.
You hit the wight.
The wight is severely damaged.
The wight hits you with a +5 mace of freezing.
You feel drained.
You feel yourself slow down. The wight freezes you.
Casting: Sting (safe; 1% risk of failure)
Confirm with . or Enter, or press ? or * to list all spells.
Aiming: Sting (safe; 1% risk of failure)
Press: ? - help, Shift-Dir - straight line, f/p - wight
Aim: a wight, wielding a +5 mace of freezing and wearing a +0 robe (severely damaged, 78% to hit)
The sting hits the wight.
The wight partially resists.
The wight is almost destroyed.
The wight hits you with a +5 mace of freezing.
The wight freezes you.
The wight hits you with a +5 mace of freezing.
* * * LOW HITPOINT WARNING * * *
You feel as though you will be slow longer.
The wight freezes you.
* * * LOW HITPOINT WARNING * * *
Casting: Sting (safe; 1% risk of failure)
Confirm with . or Enter, or press ? or * to list all spells.
A film of ice covers your body!
* * * LOW HITPOINT WARNING * * *
The wight hits you with a +5 mace of freezing.
* * * LOW HITPOINT WARNING * * *
You feel drained.
* * * LOW HITPOINT WARNING * * *
You feel as though you will be slow longer.
The wight freezes you.
You die...

###### ## ###..... .#
......##.# #.......#
#.......# #.#.z.#.#
#...@...# #.......#
#.......# ##+# #.......#
##...## ###...###
#.....## ####)##
.......## ##.##)#
........####...#.######.
........'...............


You could see a wight.

Vanquished Creatures
  Sigmund (D:2)
  Menkaure (D:5)
  Duvessa (D:5)
  An ogre (D:5)
  The ghost of Zeor the Cudgeller, an amateur GrMo (D:4)
  The ghost of kitiara the Gusty, an amateur TeAE (D:3)
  4 scorpions
  2 wights (D:6)
  Dowan (D:5)
  An orc priest (D:5)
  Crazy Yiuf (D:2)
  3 hounds (D:5)
  A jelly (D:5)
  A sleepcap (D:4)
  Ijyb (D:3)
  Jessica (D:2)
  Natasha (thrice) (D:2)
  3 iguanas (D:5)
  9 adders
  6 river rats
  A white imp (D:5)
  An ufetubus (D:5)
  A worm (D:2)
  4 dart slugs
  8 orcs
  14 ball pythons
  6 bats
  4 endoplasms
  6 giant cockroaches
  7 goblins
  6 hobgoblins
  9 jackals
  A quokka (D:3)
  6 frilled lizards
  12 kobolds
  8 rats
137 creatures vanquished.

Vanquished Creatures (collateral kills)
  A giant cockroach (D:3)
1 creature vanquished.

Vanquished Creatures (others)
  A ball python (D:3)
1 creature vanquished.

Grand Total: 139 creatures vanquished

Notes
Turn   | Place    | Note
-------+----------+-------------------------------------------
     0 | D:1      | Fortress the Draconian Venom Mage began the quest for the
                  | Orb.
     0 | D:1      | Reached XP level 1. HP: 14/14 MP: 3/3
     4 | D:1      | Noticed a demigod
     4 | D:1      | Noticed a meteoran
     6 | D:1      | Noticed a felid
     6 | D:1      | Noticed an octopode
     8 | D:1      | Noticed a draconian
     8 | D:1      | Noticed an armataur
    20 | D:1      | Noticed a ghoul
    20 | D:1      | Noticed a spriggan
    23 | D:1      | Noticed a demonspawn
    23 | D:1      | Noticed a human
    25 | D:1      | Noticed a minotaur
    25 | D:1      | Noticed a merfolk
    29 | D:1      | Noticed a naga
    29 | D:1      | Noticed a tengu
    31 | D:1      | Noticed a formicid
    31 | D:1      | Noticed a gargoyle
    33 | D:1      | Noticed a vine stalker
    33 | D:1      | Noticed a troll
    35 | D:1      | Noticed an ogre
    37 | D:1      | Noticed a vampire
    37 | D:1      | Noticed an ogre
    39 | D:1      | Noticed a human
    39 | D:1      | Noticed a ghoul
   233 | D:1      | Reached XP level 2. HP: 20/20 MP: 3/5
   959 | D:1      | Reached XP level 3. HP: 26/26 MP: 6/6
  1309 | D:2      | Noticed Jessica
  1314 | D:2      | Killed Jessica
  1566 | D:2      | Noticed Sigmund
  1589 | D:2      | Killed Sigmund
  1590 | D:2      | Reached skill level 4 in Poison Magic
  1590 | D:2      | Reached XP level 4. HP: 26/33 MP: 0/10
  1590 | D:2      | Reached XP level 5. HP: 30/38 MP: 0/11
  1590 | D:2      | Noticed Natasha
  1596 | D:2      | Killed Natasha
  1597 | D:2      | Reached skill level 5 in Poison Magic
  1759 | D:2      | Noticed Natasha
  1763 | D:2      | Reached XP level 6. HP: 45/45 MP: 8/12
  1768 | D:2      | Killed Natasha
  1835 | D:2      | Found a runed translucent door.
  1836 | D:2      | Noticed Crazy Yiuf
  1852 | D:2      | Killed Crazy Yiuf
  2015 | D:2      | Noticed Natasha
  2026 | D:2      | Killed Natasha
  2231 | D:2      | Learned a level 2 spell: Poisonous Vapours
  2429 | D:3      | Found a glowing drain.
  2434 | Sewer    | Entered a sewer
  3025 | Sewer    | Reached skill level 5 in Spellcasting
  3256 | D:3      | Noticed Ijyb
  3273 | D:3      | Killed Ijyb
  3476 | D:3      | Found a runed translucent gate.
  3476 | D:3      | Found a runed translucent gate.
  3476 | D:3      | Found a runed translucent gate.
  3476 | D:3      | Found an opulent altar of Gozag.
  3478 | D:3      | Noticed kitiara's ghost (amateur TeAE)
  3490 | D:3      | Your scales start taking on a golden yellow colour.
  3490 | D:3      | Reached XP level 7. HP: 38/50 MP: 12/14
  3490 | D:3      | Gained mutation: You are resistant to acid. (rCorr) [Yellow
                  | Draconian growth]
  3499 | D:3      | Killed kitiara's ghost
  3500 | D:3      | Reached skill level 1 in Staves
  3702 | D:3      | Found a white marble altar of Elyvilon.
  3864 | D:4      | Identified a scroll of acquirement
  3864 | D:4      | Acquired the +6 Majin-Bo {spellvamp, MP+6 Int+6}
  3864 | D:4      | Found the +6 Majin-Bo {spellvamp, MP+6 Int+6}
  4223 | D:4      | Reached skill level 6 in Poison Magic
  4250 | D:4      | Found a runed translucent door.
  4258 | D:4      | Noticed Zeor's ghost (amateur GrMo)
  4289 | D:4      | Killed Zeor's ghost
  4295 | D:4      | Identified the +3 ring mail of Beogh's Generosity {rCorr
                  | Int+4}
  4772 | D:4      | Reached skill level 1 in Air Magic
  4914 | D:5      | Entered Level 5 of the Dungeon
  4958 | D:5      | Reached XP level 8. HP: 53/57 MP: 13/16
  5231 | D:5      | Noticed Menkaure
  5238 | D:5      | Killed Menkaure
  5329 | D:5      | Noticed Duvessa
  5331 | D:5      | Noticed Dowan
  5341 | D:5      | Killed Dowan
  5357 | D:5      | Killed Duvessa
  5577 | D:5      | Learned a level 4 spell: Olgreb's Toxic Radiance
  5581 | D:5      | Learned a level 3 spell: Ozocubu's Armour
  6119 | D:5      | Reached skill level 7 in Poison Magic
  6265 | D:6      | HP: 2/49 [wight/+5 mace of freezing (1)]
  6265 | D:6      | Slain by a wight

Illustrated notes

Levels and vault maps discovered:
D:1:      kb_arrival_jail, layout_basic
D:2:      minmay_evil_eye, layout_basic, guppyfry_early_lair_pool, uniq_jessica,
          uniq_natasha, uniq_crazy_yiuf_cottage, uniq_sigmund
D:3:      layout_rooms, nicolae_overflow_hidden_temple, gup_sewer_entry_bowl,
          ebering_ghost_gozag, uniq_ijyb
D:4:      layout_cave_pods, ebering_ghost_sewer_d
D:5:      layout_basic, uniq_duvessa, uniq_menkaure
D:6:      layout_loops_corners, uniq_blork_the_orc

Skill      XL: |  1  2  3  4  5  6  7  8 |
---------------+-------------------------+-----
Stealth        | 2 |  2.0
Spellcasting   | 4 5 6 |  6.8
Dodging        | 2 |  2.0
Poison Magic   | 4 5 6 7 |  7.1
Staves         | 3 4 |  4.4
Air Magic      | 1 |  1.9
Short Blades   | |  0.2
Transmutations | |  1.1
Ice Magic      | |  0.3

Action                     |  1- 3 |  4- 6 |  7- 9 || total
---------------------------+-------+-------+-------++-------
  Melee: Dagger            |    23 |       |       ||    23
         Tailslap          |     2 |    15 |    14 ||    31
         Spear             |    18 |    20 |       ||    38
         Quarterstaff      |       |    98 |     7 ||   105
         Bo                |       |       |   104 ||   104
         Punch             |       |       |     2 ||     2
   Cast: Sting             |    43 |    71 |    50 ||   164
         Poisonous Vapours |       |     7 |    35 ||    42
         Ozocubu's Armour  |       |       |     2 ||     2
         Olgreb's Toxic Ra |       |       |     1 ||     1
    Use: Scroll            |     1 |     3 |     8 ||    12
         Potion            |       |     2 |     2 ||     4
   Stab: Sleeping          |     2 |     3 |     1 ||     6
 Armour: Skin              |     8 |    65 |    50 ||   123
  Dodge: Dodged            |    38 |   113 |    59 ||   210
